General information
- name: BNet
- type: Ladder 1vs1/FFA
- host: Battle.net
- saver: BEAR_AND
map: EchoIsles
- players: 2
- length: 16:25
- speed: Fast
- version: 1.21 W3XP
- replay type:

» download(55 KB)
Players
team 1 (loser)
NeoRotH (
yellow | 32 APM | 530 actions | 16:24)
1 Warden
1 Shadow Strike
4 Dark Ranger
2 Black Arrow
2 Life Drain
» actions
| Basic commands | 10 | |
| Build / train | 49 | |
| Enter build submenu | 15 | |
| Enter hero's abilities submenu | 5 | |
| Remove unit from queue | 3 | |
| Right click | 225 | |
| Select / deselect | 199 | |
| Use ability | 24 | |
530 total
» units
| Wisp | 8 | |
| Archer | 12 | |
| Huntress | 9 | |
| Hippogryph | 3 | |
| Druid of the Claw | 1 | |
| Dryad | 1 | |
34 total
» upgrades
| Ultravision | 1 | |
| Hippogryph Taming | 1 | |
2 total
» buildings
| Altar of Elders | 1 | |
| Moon Well | 8 | |
| Ancient of War | 1 | |
| Hunter's Hall | 1 | |
| Tree of Ages | 1 | |
| Ancient of Wind | 1 | |
| Ancient Protector | 1 | |
| Ancient of Lore | 1 | |
15 total
» build order
00:09 Altar of Elders
00:16 Moon Well
00:26 Ancient of War
01:34 Moon Well
02:39 Moon Well
03:17 Hunter's Hall
03:35 Moon Well
04:40 Moon Well
05:27 Tree of Ages
09:16 Ancient of Wind
09:30 Moon Well
10:16 Ancient Protector
10:39 Moon Well
11:45 Moon Well
12:44 Ancient of Lore
» items
| Gloves of Haste | 1 | |
| Ring of Protection +2 | 1 | |
2 total
team 2 (winner)
BEAR_AND (
orange | 141 APM | 2309 actions | 16:25)
7 Mountain King
3 Storm Bolt
3 Bash
1 Avatar
» actions
| Assign group hotkey | 42 | |
| Basic commands | 28 | |
| Build / train | 75 | |
| Enter build submenu | 22 | |
| Enter hero's abilities submenu | 7 | |
| Give item / drop item | 1 | |
| Remove unit from queue | 2 | |
| Right click | 1340 | |
| Select / deselect | 330 | |
| Select group hotkey | 398 | |
| Use ability | 64 | |
2309 total
» units
| Peasant | 10 | |
| Footman | 7 | |
| Rifleman | 12 | |
| Sorceress | 5 | |
| Priest | 1 | |
| Spell Breaker | 4 | |
39 total
» upgrades
| Long Rifles | 1 | |
| Gunpowder | 2 | |
| Sorceress Training | 1 | |
| Masonry | 1 | |
| Lumber Harvesting | 1 | |
| Magic Sentry | 1 | |
| Control Magic | 1 | |
8 total
» buildings
| Barracks | 1 | |
| Altar of Kings | 1 | |
| Farm | 9 | |
| Arcane Vault | 1 | |
| Keep | 1 | |
| Blacksmith | 1 | |
| Lumber Mill | 1 | |
| Arcane Sanctum | 2 | |
| Town Hall | 1 | |
| Scout Tower | 6 | |
| Guard Tower | 5 | |
| Castle | 2 | |
| Arcane Tower | 1 | |
32 total
» build order
00:10 Barracks
00:19 Altar of Kings
00:33 Farm
00:48 Farm
01:44 Farm
02:55 Farm
03:09 Arcane Vault
04:04 Keep
04:11 Blacksmith
04:51 Farm
05:07 Lumber Mill
06:33 Arcane Sanctum
06:35 Arcane Sanctum
09:31 Farm
09:32 Farm
10:51 Town Hall
10:56 Scout Tower
10:56 Scout Tower
10:57 Scout Tower
10:58 Scout Tower
11:43 Guard Tower
12:10 Guard Tower
12:39 Guard Tower
12:53 Castle
12:53 Castle
12:56 Scout Tower
12:57 Scout Tower
13:06 Farm
13:07 Farm
13:15 Arcane Tower
13:38 Guard Tower
13:59 Guard Tower
» items
| Scroll of Regeneration | 4 | |
| Boots of Speed | 2 | |
| Lesser Clarity Potion | 3 | |
9 total
Chat log
(15:36 / All) BEAR_AND: haha
(15:38 / All) BEAR_AND: why
(15:47 / All) BEAR_AND: & gg